 Dungeon Crawl Stone Soup version 0.18-a0-1577-gf591c28 (console) character file.

207 Liam the Conjurer (level 5, -5/28 HPs)
             Began as a Deep Elf Conjurer on Mar 22, 2016.
             Killed from afar by braks's ghost (11 damage)
             ... with a magic dart
             ... on level 4 of the Dungeon.
             The game lasted 00:03:14 (3340 turns).

Liam the Conjurer (Deep Elf Conjurer)               Turns: 3340, Time: 00:03:15

Health: -5/28      AC:  4    Str:  5    XL:     5   Next: 54%
Magic:  0/15       EV: 13    Int: 21    God:
Gold:   184        SH:  0    Dex: 15    Spells: 3 memorised, 5 levels left

rFire  . . .     SeeInvis .     (no weapon)
rCold  . . .     Gourm    .     a - +0 robe
rNeg   . . .     Faith    .     (no shield)
rPois  .         Spirit   .     (no helmet)
rElec  .         Dismiss  .     (no cloak)
rCorr  .         Reflect  .     f - +0 pair of gloves (curse)
SustAt .         Harm     .     g - +0 pair of boots
MR     .....                    (no amulet)
Stlth  ++........               (no ring)
                                (no ring)

@: lethally poisoned (-5 -> -11), not resistant to hostile enchantments,
unstealthy
A: no striking features
a: no special abilities


You were on level 4 of the Dungeon.
You were hungry.

You visited 1 branch of the dungeon, and saw 4 of its levels.

You collected 184 gold pieces.

Inventory:

Armour
 a - a +0 robe (worn)
 f - a cursed +0 pair of gloves (worn)
 g - a +0 pair of boots (worn)
Scrolls
 e - 2 scrolls of remove curse {unknown}
 h - 2 scrolls of amnesia {unknown}
 i - 2 scrolls of noise {unknown}
 k - 3 scrolls of identify {unknown}
 n - a scroll of magic mapping {unknown}
 s - a scroll of immolation {unknown}
Potions
 j - a potion of lignification {unknown}
 m - a potion of haste {unknown}
 o - a potion of agility {unknown}
 p - a potion of berserk rage {unknown}
 q - 2 potions of might {unknown}
 t - a potion of magic {unknown}
Books
 b - a book of Conjurations

   Spells                             Type                      Level
   a - Magic Dart                     Conjuration                  1
   b - Searing Ray                    Conjuration                  2
   c - Dazzling Spray                 Conjuration/Hexes            3
   d - Fulminant Prism                Conjuration/Hexes            4
   e - Iskenderun's Mystic Blast      Conjuration                  4
   f - Iskenderun's Battlesphere      Conjuration/Charms           5
Comestibles
 c - 2 bread rations
 d - a royal jelly
 l - 2 slices of pizza
 r - 2 meat rations


   Skills:
 - Level 2.4 Dodging
 - Level 2.4 Stealth
 + Level 5.7 Spellcasting
 + Level 6.1 Conjurations
 + Level 1.5 Charms


You had 5 spell levels left.
You knew the following spells:

 Your Spells              Type           Power        Failure   Level  Hunger
a - Magic Dart            Conj           ####         1%          1    None
p - Iskenderun's Battles  Conj/Chrm      ###.....     67%         5    #####..
x - Iskenderun's Mystic   Conj           ####....     10%         4    ####...


Dungeon Overview and Level Annotations

Branches:
Dungeon (4/15)
 Temple: D:4-7

Altars:
Ashenzari
Makhleb
Okawaru
Trog

Annotations:
D:4 braks's ghost, novice TeCj


Message History

Press: ? - help, Shift-Dir - straight line, f/p - braks's ghost
Aim: braks's ghost, wielding a weapon of venom (severely damaged)
The orb of energy hits braks's ghost.
Braks's ghost is almost destroyed.
The orb of energy explodes!
You feel sick.
Braks's ghost points at you and mumbles some strange words.
The magic dart hits you!
* * * LOW HITPOINT WARNING * * *
Casting: Iskenderun's Mystic Blast
Confirm with . or Enter, or press ? or * to list all spells.
Aiming: Magic Dart
Press: ? - help, Shift-Dir - straight line, f/p - braks's ghost
Aim: braks's ghost, wielding a weapon of venom (almost destroyed)
The magic dart hits braks's ghost.
Braks's ghost is almost destroyed.
* * * LOW HITPOINT WARNING * * *
You feel sick.
Braks's ghost points at you and mumbles some strange words.
The magic dart hits you!
You die...

+........#
#.##.####.######
+........# #.##.# #.#
.........# #..#.# #.#
..#####'## ##.#.# #.#
#.# #...# #.# #.#
##..# #.#
#.############..# #.#
#..[.......>..#.# #.#
########.....@.#.#.(
.......'....##W###..#
########....# ..##...
#....# ..# ##.#
###### ..# ... ....
≈≈..


You could see braks's ghost.

Vanquished Creatures
  An orc wizard (D:3)
  An orc priest (D:3)
  Jessica (D:2)
  3 gnolls
  An adder (D:2)
  2 worms (D:3)
  12 orcs (D:3)
  A ball python (D:1)
  9 bats
  3 giant cockroaches (D:1)
  12 goblins
  3 hobgoblins
  7 kobolds
  A quokka (D:3)
  3 giant newts
  9 rats
69 creatures vanquished.

Notes
Turn   | Place    | Note
--------------------------------------------------------------
     0 | D:1      | Liam the Deep Elf Conjurer began the quest for the Orb.
     0 | D:1      | Reached XP level 1. HP: 10/10 MP: 6/6
   198 | D:1      | Reached XP level 2. HP: 15/15 MP: 6/8
   611 | D:1      | Reached skill level 5 in Conjurations
   935 | D:1      | Reached XP level 3. HP: 17/19 MP: 5/10
  1256 | D:2      | Found a bloodstained altar of Trog.
  1393 | D:2      | Noticed Jessica
  1397 | D:2      | Killed Jessica
  1581 | D:2      | Found a burning altar of Makhleb.
  1583 | D:2      | Found an iron altar of Okawaru.
  1623 | D:2      | Reached XP level 4. HP: 24/24 MP: 6/12
  2040 | D:3      | Reached skill level 5 in Spellcasting
  2077 | D:2      | Reached XP level 5. HP: 21/28 MP: 0/14
  2181 | D:2      | Learned a level 4 spell: Iskenderun's Mystic Blast
  2187 | D:2      | Learned a level 5 spell: Iskenderun's Battlesphere
  2299 | D:3      | Reached skill level 6 in Conjurations
  2299 | D:3      | Reached skill level 1 in Charms
  2448 | D:3      | Found a shattered altar of Ashenzari.
  3334 | D:4      | Noticed braks's ghost (novice TeCj)
  3340 | D:4      | Killed from afar by braks's ghost

Vault maps used:
D:1:      lightli_molten_gateway, nrook_loot_triangle, minmay_misc_feat_enclosed
D:2:      gammafunk_temple_overflow_pools, overflow_temple_1_default,
          first_bread, uniq_jessica
D:3:      cheibrodos_ashenzari_chains
D:4:      tgw_sif, enter_ossuary_2, uniq_pikel, uniq_robin

Skill      XL: |  1  2  3  4  5 |
---------------+----------------+-----
Conjurations   | 5 6 |  6.1
Spellcasting   | 4 5 |  5.7
Charms         | 1 |  1.5
Dodging        | |  2.4
Stealth        | |  2.4

Action                   |  1- 3 |  4- 6 || total
-------------------------+-------+-------++-------
Melee: Unarmed           |       |     9 ||     9
 Cast: Magic Dart        |    66 |    83 ||   149
       Iskenderun's Myst |       |     4 ||     4
  Eat: Chunk             |     1 |     6 ||     7
